 Dungeon Crawl Stone Soup version 0.18-a0-5-gf1fb587 (webtiles) character file.

1264 Raultor the Basher (level 8, -5/49 HPs)
             Began as a Gargoyle Fighter on Oct 31, 2015.
             Was a Follower of Qazlal.
             Slain by an orc warrior
             ... wielding a +0 halberd
              (17 damage)
             ... on level 6 of the Dungeon.
             The game lasted 00:16:57 (4907 turns).

Raultor the Basher (Gargoyle Fighter)               Turns: 4907, Time: 00:16:57

Health: -5/49      AC: 20    Str: 22    XL:     8   Next: 52%
Magic:  8/8        EV: 10    Int:  9    God:    Qazlal [*.....]
Gold:   299        SH: 11    Dex:  9    Spells: 0 memorised, 7 levels left

rFire  . . .     SeeInvis +     G - +3 flail (protect)
rCold  . . .     Clarity  .     b - +0 scale mail
rNeg   + . .     SustAt   .     c - +0 shield
rPois  ∞         Gourm    .     v - +0 helmet
rElec  +         Spirit   .     M - +0 cloak
rCorr  .         Warding  .     (no gloves)
rMut   .         Stasis   .     (no boots)
MR     .....                    (no amulet)
Stlth  ..........               r - ring of see invisible
                                f - +3 ring of evasion

@: not resistant to hostile enchantments, extremely unstealthy
A: negative energy resistance 1, electricity resistance, unbreathing,
petrification resistance, rot immunity, AC +5
a: Renounce Religion


You were on level 6 of the Dungeon.
You worshipped Qazlal.
Qazlal was aware of your devotion.
You were not hungry.

You visited 2 branches of the dungeon, and saw 7 of its levels.

You collected 299 gold pieces.

Inventory:

Hand Weapons
 a - a +0 flail
 l - a +0 whip of venom
 y - a +2 mace of crushing
 G - a +3 flail of protection (weapon)
 H - a +1 mace of protection
Missiles
 u - 6 steel javelins (quivered)
 D - 2 tomahawks
 N - 8 javelins
Armour
 b - a +0 scale mail (worn)
 c - a +0 shield (worn)
 v - a +0 helmet (worn)
 M - a +0 cloak (worn)
Jewellery
 f - a +3 ring of evasion (left hand)
 r - a ring of see invisible (right hand)
 E - an uncursed ring of magical power
Wands
 F - a wand of magic darts (21)
 I - a wand of paralysis (14)
Scrolls
 g - a scroll of enchant armour {unknown}
 h - a scroll of magic mapping {unknown}
 i - a scroll of blinking {unknown}
 n - 4 scrolls of identify
 o - 2 scrolls of fear
 p - 2 scrolls of teleportation {unknown}
 s - a scroll of remove curse
 x - 2 scrolls of recharging {unknown}
 J - a scroll of enchant weapon {unknown}
 K - a scroll of summoning {unknown}
 O - a scroll of random uselessness {unknown}
Potions
 d - a potion of might
 k - a potion of mutation {unknown}
 m - a potion of heal wounds {unknown}
 q - a potion of magic {unknown}
 w - 2 potions of curing {unknown}
 z - 2 potions of poison {unknown}
 A - a potion of resistance {unknown}
 B - 2 potions of agility {unknown}
 C - 2 potions of degeneration {unknown}
 L - a potion of invisibility {unknown}
 P - 2 potions of berserk rage {unknown}
Comestibles
 e - 3 bread rations
 j - 2 meat rations
 t - a beef jerky
 Q - a chunk of flesh


   Skills:
 + Level 5.1 Fighting
 + Level 8.0 Maces & Flails
 + Level 5.1 Armour
 + Level 5.1 Shields


You had 7 spell levels left.
You didn't know any spells.

Dungeon Overview and Level Annotations

Branches:
Dungeon (6/15)             Temple (1/1) D:4

Altars:
Ashenzari
Dithmenos
Gozag
Kikubaaqudgha
Nemelex Xobeh
Okawaru
Qazlal
Sif Muna
Trog
Vehumet
Xom
Zin
Lugonu

Shops:
D:5 %

Annotations:
D:3 teron's ghost, amateur HOBe


Innate Abilities, Weirdness & Mutations

You are resistant to torment.
Your stone body is resilient (AC +5).
You are immune to poison.
You resist negative energy.
You are resistant to electric shocks.
You can survive without breathing.
You are immune to petrification.
You are immune to rotting.


Message History

You block the orc's attack.
Items here: % ) [ ÷ a dagger; a leather armour; a chunk of flesh; an orc skeleton
Items here: % ) [ ÷ a dagger; a leather armour; a chunk of flesh; an orc skeleton You hit the orc warrior.
The orc warrior is lightly wounded.
The orc warrior hits you with a halberd!
* * * LOW HITPOINT WARNING * * *
You are too injured to fight recklessly!
You are too injured to fight recklessly!
You closely miss the orc warrior.
The orc warrior is lightly wounded.
You block the orc's attack.
The orc warrior hits you but does no damage.
You hit the orc warrior but do no damage.
The orc warrior is lightly wounded.
You block the orc's attack.
The orc warrior hits you with a halberd!
You die...

#### ## ..# #...#..
..####. .....# ....... ..
.###....#.# .#.......(...
##..........# #
###..###o.....## ##
#####...#..@o)......
.#####.........###....###
........(.###### ....#
...####.### ....#
........### .#.##
..#.......# .###
..#.####..##... .#
....#........... ..
####..#....#....


You could see an orc warrior and an orc.

Vanquished Creatures
  The ghost of pasperui the Magician, an amateur NaEE of Cheibriados (D:4)
  Sigmund (D:3)
  The ghost of teron the Chopper, an amateur HOBe of Trog (D:4)
  Edmund (D:4)
  The ghost of Raultor the Ruffian, an amateur VSMo of Qazlal (D:3)
  A centaur (D:3)
  3 orc priests
  Crazy Yiuf (D:3)
  A hound (D:4)
  An orc wizard (D:6)
  Natasha (twice) (D:3)
  An iguana (D:4)
  2 worker ants
  Robin (D:4)
  9 adders
  An ooze (D:1)
  3 giant geckos
  13 orcs
  4 giant cockroaches
  16 goblins
  6 hobgoblins
  3 quokkas
  3 ball pythons
  5 bats
  6 giant newts
  A jackal skeleton (D:4)
  5 kobolds
  2 quokka skeletons (D:4)
  9 rats
104 creatures vanquished.

Notes
Turn   | Place    | Note
--------------------------------------------------------------
     0 | D:1      | Raultor the Gargoyle Fighter began the quest for the Orb.
     0 | D:1      | Reached XP level 1. HP: 14/14 MP: 1/1
     6 | D:1      | Noticed a crocodile
     6 | D:1      | Noticed an eight-headed hydra
     7 | D:1      | Noticed an anaconda
     7 | D:1      | Noticed a polar bear
   157 | D:1      | Found a shattered altar of Ashenzari.
   177 | D:1      | Reached XP level 2. HP: 19/19 MP: 2/2
   856 | D:2      | Reached XP level 3. HP: 21/23 MP: 3/3
  1302 | D:2      | Reached skill level 4 in Maces & Flails
  1360 | D:2      | Found a bloodstained altar of Trog.
  1544 | D:3      | Reached XP level 4. HP: 28/28 MP: 4/4
  1662 | D:3      | Noticed Natasha
  1662 | D:3      | Found a shadowy altar of Dithmenos.
  1666 | D:3      | Killed Natasha
  1742 | D:3      | Noticed teron's ghost (amateur HOBe)
  2024 | D:3      | Noticed Raultor's ghost (amateur VSMo)
  2084 | D:3      | Noticed Sigmund
  2095 | D:3      | Killed Sigmund
  2095 | D:3      | Reached skill level 6 in Maces & Flails
  2095 | D:3      | Reached XP level 5. HP: 16/32 MP: 5/5
  2095 | D:3      | Reached XP level 6. HP: 18/37 MP: 6/6
  2441 | D:3      | Noticed a centaur
  2450 | D:3      | Killed a centaur
  2704 | D:3      | Reached skill level 7 in Maces & Flails
  2750 | D:3      | Noticed Natasha
  2768 | D:3      | Killed Natasha
  2795 | D:3      | Found a deep blue altar of Sif Muna.
  2961 | D:3      | Noticed Crazy Yiuf
  2965 | D:3      | Killed Crazy Yiuf
  2965 | D:3      | Reached XP level 7. HP: 33/41 MP: 7/7
  3250 | D:3      | Killed Raultor's ghost
  3280 | D:4      | Noticed Robin
  3295 | D:4      | Killed Robin
  3318 | D:4      | Noticed pasperui's ghost (amateur NaEE)
  3327 | D:4      | Killed pasperui's ghost
  3399 | D:4      | Found a staircase to the Ecumenical Temple.
  3416 | Temple   | Entered the Ecumenical Temple
  3430 | Temple   | Became a worshipper of Qazlal Stormbringer
  3470 | D:4      | Found a shimmering altar of Xom.
  3503 | D:4      | Noticed Edmund
  3525 | D:4      | Killed Edmund
  3525 | D:4      | Reached XP level 8. HP: 43/48 MP: 8/8
  3667 | D:4      | Killed teron's ghost
  3667 | D:4      | Reached skill level 8 in Maces & Flails
  3979 | D:4      | Found a shattered altar of Ashenzari.
  4174 | D:5      | Entered Level 5 of the Dungeon
  4213 | D:5      | Found Bic Efa's Food Shop.
  4301 | D:5      | Reached skill level 5 in Fighting
  4301 | D:5      | Reached skill level 5 in Armour
  4844 | D:6      | Reached skill level 5 in Shields
  4886 | D:6      | Reached * piety under Qazlal
  4907 | D:6      | Slain by an orc warrior

Vault maps used:
D:1:      onia_arrival_zoo_common, nicolae_ashenzari_panopticon
D:2:      lemuel_doored_altar
D:3:      marbit_many_paths, grunt_dithmenos_smoke_and_mirrors,
          minmay_misc_feat_x, hangedman_decor_riveting, uniq_sigmund,
          uniq_crazy_yiuf_cottage, uniq_natasha
D:4:      nicolae_overflow_crystal_walls, minmay_temple_entry_junction2,
          first_bread, xom_teletrap_fun, uniq_edmund, uniq_robin
D:5:      serial_shops, shop
Temple:   corrupted_temple

Action                   |  1- 3 |  4- 6 |  7- 9 || total
-------------------------+-------+-------+-------++-------
Melee: Flail             |    33 |       |    95 ||   128
       Whip              |    67 |       |       ||    67
       Mace              |    10 |    92 |    79 ||   181
Throw: Javelin           |       |     5 |    10 ||    15
  Use: Potion            |       |       |     1 ||     1
       Scroll            |       |       |     2 ||     2
  Eat: Chunk             |     2 |     5 |     5 ||    12
       Pizza             |       |       |     1 ||     1
